[Event "Werder IM-Turnier 2018"]
[Site "Bremen"]
[Date "2018.06.17"]
[Round "1"]
[White "Molchanov, Oleksii"]
[Black "Grigorian, Spartak"]
[Result "1/2-1/2"]
[ECO "D32"]
[WhiteElo "2350"]
[BlackElo "2359"]
[Annotator "RC"]
[PlyCount "99"]
[EventDate "2018.06.16"]
[EventType "tourn"]
[EventCountry "GER"]
[SourceTitle "playchess.com"]
[Source "ChessBase"]
[SourceQuality "1"]
[TimeControl "40/5400+30:1800+30"]

1. Nf3 d5 2. e3 Nf6 3. c4 e6 4. b3 c5 5. Bb2 Nc6 6. cxd5 exd5 7. Be2 Bd6 8. Nc3 O-O 9. d4 cxd4 10. Nxd4 Re8 11. O-O Nxd4 12. Qxd4 Be5 13. Qd3 Ne4 14. Rad1 Bf5 15. Nxe4 Bxe4 16. Qd2 Bxh2+ 17. Kxh2 Qh4+ 18. Kg1 Bxg2 19. Kxg2 Re6 20. Rh1 Rg6+ 21. Bg4 Qxg4+ 22. Kf1 Rc8 23. Ke1 Rg5 24. Qd4 Qg2 25. Qh4 h6 26. Rf1 Rc2 27. Bc1 Rxa2 28. Bd2 d4 29. Qxd4 Rd5 30. Qc4 b5 31. Qe2 Qe4 32. f3 Qc2 33. e4 Rd3 34. e5 Qxb3 35. Qe4 Raxd2 36. Qa8+ Kh7 37. Rxd2 Qb1+ 38. Ke2 Rxd2+ 39. Kxd2 Qxf1 40. Qe4+ Kh8 41. Qa8+ Kh7 42. Qe4+ g6 43. e6 Qf2+ 44. Kd3 fxe6 45. Qb7+ Kg8 46. Qc8+ Kf7 47. Qc7+ Ke8 48. Qc8+ Ke7 49. Qc7+ Kf6 50. Qf4+ {[%emt 0:00:05] Ke5 [%clk 0:00:00] Ke4+ [%clk 0:00:00]} 1/2-1/2

[Event "Werder IM-Turnier 2018"]
[Site "Bremen"]
[Date "2018.06.17"]
[Round "2"]
[White "Charmeteau, Sven"]
[Black "Reuker, Jari"]
[Result "0-1"]
[ECO "C45"]
[WhiteElo "2287"]
[BlackElo "2389"]
[Annotator "ChessBase"]
[PlyCount "76"]
[EventDate "2018.06.16"]
[EventType "tourn"]
[EventCountry "GER"]
[SourceTitle "playchess.com"]
[Source "ChessBase"]
[SourceQuality "1"]
[TimeControl "40/5400+30:1800+30"]

1. e4 e5 2. Nf3 Nc6 3. d4 exd4 4. Nxd4 Nf6 5. Nxc6 bxc6 6. e5 Nd5 7. c4 Nb6 8. Bd3 g6 9. Nc3 Bg7 10. Bf4 O-O 11. O-O d5 12. exd6 Bxc3 13. bxc3 cxd6 14. Be4 d5 15. cxd5 cxd5 16. Bf3 Qf6 17. Qc1 Re8 18. Be3 Qd6 19. Bd4 Nc4 20. Qh6 Ne5 21. Rfe1 f6 22. Bd1 Bf5 23. Qh4 Re6 24. Bb3 Rae8 25. Re3 Ng4 26. Rxe6 Qxe6 27. f3 Ne5 28. Bxa7 Nd3 29. g4 Qf7 30. Bd4 g5 31. Qh6 Bg6 32. h4 Ne1 33. Rxe1 Rxe1+ 34. Kf2 Rh1 35. h5 Qe6 36. Kg2 Be4 37. Qxf6 Qxg4+ 38. Kf2 Qg1+ 0-1

[Event "Werder IM-Turnier 2018"]
[Site "Bremen"]
[Date "2018.06.19"]
[Round "4"]
[White "Osmanodja, Filiz"]
[Black "Grabarczyk, Miroslaw"]
[Result "1/2-1/2"]
[ECO "C42"]
[WhiteElo "2352"]
[BlackElo "2402"]
[Annotator "NA"]
[PlyCount "47"]
[EventDate "2018.06.16"]
[EventType "tourn"]
[EventCountry "GER"]
[SourceTitle "playchess.com"]
[Source "ChessBase"]
[SourceQuality "1"]
[TimeControl "40/5400+30:1800+30"]

1. e4 e5 2. Nf3 Nf6 3. Nxe5 d6 4. Nf3 Nxe4 5. Nc3 Nf6 6. d4 Be7 7. Bd3 Bg4 8. h3 Bh5 9. Bf4 O-O 10. g4 Bg6 11. d5 Re8 12. Bxg6 hxg6 13. Qd2 Bf8+ 14. Be3 Nbd7 15. O-O-O Nb6 16. Bg5 Qd7 17. Qf4 Nh7 18. Bh4 c6 19. g5 Nxd5 20. Nxd5 cxd5 21. Rxd5 Rac8 22. c3 Rc5 23. Qd2 Qa4 24. Kb1 {[%emt 0:12:59] Qe4+Rd3Rd5 [%clk 0:00:00] Rd1 [%clk 0:00:00]} 1/2-1/2

[Event "Werder IM-Turnier 2018"]
[Site "Bremen"]
[Date "2018.06.19"]
[Round "4"]
[White "Molchanov, Oleksii"]
[Black "Reuker, Jari"]
[Result "1/2-1/2"]
[ECO "A13"]
[WhiteElo "2350"]
[BlackElo "2389"]
[Annotator "NA"]
[PlyCount "130"]
[EventDate "2018.06.16"]
[EventType "tourn"]
[EventCountry "GER"]
[SourceTitle "playchess.com"]
[Source "ChessBase"]
[SourceQuality "1"]
[TimeControl "40/5400+30:1800+30"]

1. c4 Nf6 2. Nf3 e6 3. e3 d5 4. b3 Be7 5. Bb2 O-O 6. Nc3 dxc4 {[%emt 0:01:10] A13: English Opening: 1...e6} (6... b6 7. cxd5 Nxd5 8. Nxd5 exd5 9. Qc2 c5 10. a3 Nc6 11. Bb5 Bb7 12. O-O Rc8 13. Rac1 a6 14. Be2 d4 {½-½ (36) Carlsen,M (2843)-Karjakin,S (2782) Stavanger 2018}) 7. Bxc4 a6 8. d4 b5 9. Be2 Bb7 10. O-O c5 $146 ({Predecessor:} 10... Nbd7 11. Rc1 c5 12. dxc5 Nxc5 13. Qxd8 Rfxd8 14. Rfd1 {0-1 (45) Lie,K (2537)-Yatzenko,A (2356) chess.com INT 2017}) 11. dxc5 Bxc5 12. Qxd8 Rxd8 13. Rac1 Nbd7 14. Rfd1 Rac8 15. Nb1 Nd5 16. Ne5 Nxe5 17. Bxe5 f6 18. Bb2 Bb6 19. Bf3 Rxc1 20. Rxc1 Rd7 21. Rd1 Rc7 22. Rc1 Rxc1+ 23. Bxc1 Kf7 24. Kf1 e5 25. Bd2 Ke6 26. Nc3 Bc6 27. Nxd5 Bxd5 28. Bxd5+ Kxd5 29. Ke2 h5 30. f3 e4 31. f4 Ke6 32. h3 Kf5 33. g3 Bc5 34. Bc3 Bf8 35. Be1 Ke6 36. g4 hxg4 37. hxg4 f5 38. gxf5+ Kxf5 39. Bc3 g6 40. Bd4 Ba3 41. Kd2 Kg4 42. Ke2 Kf5 43. Kd2 Bb4+ 44. Ke2 Ke6 45. Bg7 Bc5 46. Bc3 Kd5 47. Kd2 Be7 48. Ke2 Bh4 49. Kd2 Bd8 50. Ke2 a5 51. Kd2 a4 52. Ke2 Be7 53. Kd2 Ba3 54. Kd1 Kc5 55. Bf6 Kd5 56. Bc3 Ke6 57. Ke2 Kf5 58. Kd2 Be7 59. Ke2 Bc5 60. Bd2 Ba3 61. Bc3 Bc1 62. Bd4 $11 Ke6 63. Kd1 Ba3 64. Bc3 Bc5 65. Ke2 Be7 1/2-1/2

[Event "Werder IM-Turnier 2018"]
[Site "Bremen"]
[Date "2018.06.19"]
[Round "4"]
[White "Charmeteau, Sven"]
[Black "Skliarov, Viktor"]
[Result "1/2-1/2"]
[ECO "B33"]
[WhiteElo "2287"]
[BlackElo "2359"]
[Annotator "ChessBase"]
[PlyCount "82"]
[EventDate "2018.06.16"]
[EventType "tourn"]
[EventCountry "GER"]
[SourceTitle "playchess.com"]
[Source "ChessBase"]
[SourceQuality "1"]
[TimeControl "40/5400+30:1800+30"]

1. e4 c5 2. Nf3 Nc6 3. d4 cxd4 4. Nxd4 Nf6 5. Nc3 e5 6. Ndb5 d6 7. Bg5 a6 8. Na3 b5 9. Bxf6 gxf6 10. Nd5 f5 11. Bd3 Be6 12. c3 Bg7 13. Nxb5 axb5 14. Bxb5 Bd7 15. exf5 e4 16. Qg4 Kf8 17. Qh5 Ne5 18. Bxd7 Nxd7 19. O-O Nf6 20. Nxf6 Qxf6 21. Rfe1 d5 22. Rad1 Rd8 23. f3 e3 24. Rd4 Qh6 25. Qxh6 Bxh6 26. f4 Bg7 27. Rd3 d4 28. Rexe3 Bf6 29. cxd4 Rxd4 30. Rf3 Ke7 31. Rde3+ Kd6 32. Re2 Rd1+ 33. Kf2 Bd4+ 34. Kg3 Rb8 35. b3 Bf6 36. Kh3 h5 37. Re4 Rb5 38. Ra4 Bd4 39. Ra6+ Kd5 40. a4 Rb4 41. Rh6 Rb1 1/2-1/2

[Event "Werder IM-Turnier 2018"]
[Site "Bremen"]
[Date "2018.06.19"]
[Round "4"]
[White "Kardoeus, David"]
[Black "Wachinger, Nikolas"]
[Result "1/2-1/2"]
[ECO "B28"]
[WhiteElo "2226"]
[BlackElo "2292"]
[Annotator "ChessBase"]
[PlyCount "103"]
[EventDate "2018.06.16"]
[EventType "tourn"]
[EventCountry "GER"]
[SourceTitle "playchess.com"]
[Source "ChessBase"]
[SourceQuality "1"]
[TimeControl "40/5400+30:1800+30"]

1. e4 c5 2. Nf3 a6 3. c4 b6 4. Bd3 Bb7 5. Qe2 g6 6. h4 h6 7. Nc3 Bg7 8. e5 Nc6 9. h5 g5 10. Ne4 Qb8 11. b4 g4 12. Nh4 Qxe5 13. Rb1 Nd4 14. Qxg4 f5 15. Qg6+ Kd8 16. Qxb6+ Qc7 17. Qxc7+ Kxc7 18. Nxc5 Bc6 19. Nxf5 Bxg2 20. Nxg7 Bxh1 21. Bb2 e5 22. Nf5 Nf6 23. Nxd4 exd4 24. Bg6 Bf3 25. Bxd4 Rhf8 26. Be5+ Kc6 27. d4 d6 28. d5+ Nxd5 29. cxd5+ Kxd5 30. Nd7 dxe5 31. Nxf8 Rxf8 32. b5 axb5 33. Rxb5+ Kd4 34. Rb4+ Kc5 35. Rb3 Bd5 36. Ra3 Rb8 37. Ra5+ Kd4 38. Ra4+ Kc3 39. Ke2 Bc4+ 40. Kf3 Rb2 41. Kg3 Bd5 42. Ra7 Rxa2 43. Rh7 Ra1 44. f3 Rf1 45. Be4 Bxe4 46. fxe4 Kd4 47. Rxh6 Kxe4 48. Rh8 Rh1 49. Kg2 Rh4 50. Kg3 Rh1 51. Kg2 Rh4 52. Kg3 1/2-1/2

[Event "Werder IM-Turnier 2018"]
[Site "Bremen"]
[Date "2018.06.20"]
[Round "5"]
[White "Grabarczyk, Miroslaw"]
[Black "Molchanov, Oleksii"]
[Result "1/2-1/2"]
[ECO "E01"]
[WhiteElo "2402"]
[BlackElo "2350"]
[Annotator "NA"]
[PlyCount "70"]
[EventDate "2018.06.16"]
[EventType "tourn"]
[EventCountry "GER"]
[SourceTitle "playchess.com"]
[Source "ChessBase"]
[SourceQuality "1"]
[TimeControl "40/5400+30:1800+30"]

1. d4 Nf6 2. c4 e6 3. g3 d5 4. Nf3 Bb4+ 5. Bd2 Bd6 6. Bg2 c6 7. Qc2 O-O 8. O-O Nbd7 9. Bg5 h6 10. Bxf6 Nxf6 11. Nbd2 b6 12. e4 Be7 13. e5 Nd7 14. cxd5 cxd5 15. Rac1 Ba6 16. Rfe1 Rc8 17. Qa4 Nb8 18. Bf1 Bxf1 19. Kxf1 Qd7 20. Qxd7 Nxd7 21. Ke2 f6 22. Nb3 Kf7 23. exf6 gxf6 24. Rxc8 Rxc8 25. Rc1 Rxc1 26. Nxc1 h5 27. h3 e5 28. Nh4 Nb8 29. Nf5 Bf8 30. Nd3 Nc6 31. Kf1 a5 32. a4 Ke6 33. g4 hxg4 34. hxg4 Na7 35. Ke1 b5 1/2-1/2

[Event "Werder IM-Turnier 2018"]
[Site "Bremen"]
[Date "2018.06.20"]
[Round "5"]
[White "Reuker, Jari"]
[Black "Kardoeus, David"]
[Result "1/2-1/2"]
[ECO "E71"]
[WhiteElo "2389"]
[BlackElo "2226"]
[Annotator "RC"]
[PlyCount "112"]
[EventDate "2018.06.16"]
[EventType "tourn"]
[EventCountry "GER"]
[SourceTitle "playchess.com"]
[Source "ChessBase"]
[SourceQuality "1"]
[TimeControl "40/5400+30:1800+30"]

1. d4 Nf6 2. c4 g6 3. Nc3 Bg7 4. e4 d6 5. h3 O-O 6. Be3 e5 7. d5 Nh5 8. Be2 Nf4 9. Bf3 g5 10. g3 Ng6 11. Qd2 h6 12. h4 g4 13. Be2 h5 14. f3 f5 15. exf5 Bxf5 16. fxg4 hxg4 17. h5 Ne7 18. h6 Bf6 19. h7+ Kh8 20. Bd3 c6 21. O-O-O cxd5 22. cxd5 Qa5 23. Rf1 Bxd3 24. Qxd3 Na6 25. a3 Rac8 26. Kb1 Nc7 27. Bh6 Bg7 28. Bxg7+ Kxg7 29. Rxf8 Rxf8 30. Qc4 Kh8 31. Nge2 Ncxd5 32. Qxg4 Qa6 33. Qe6 Qd3+ 34. Ka1 Nxc3 35. Nxc3 Qf3 36. Rh6 Nc8 37. Rg6 Qf1+ 38. Ka2 Ne7 39. Qxe7 Qc4+ 40. Ka1 Rf1+ 41. Nb1 Rxb1+ 42. Kxb1 Qd3+ 43. Kc1 Qxg6 44. Qxb7 Qg5+ 45. Kc2 Qg6+ 46. Kd2 Qxg3 47. Qxa7 Qg2+ 48. Kc3 Qc6+ 49. Kd3 Qf3+ 50. Qe3 Qf7 51. Ke4 Qb7+ 52. Kf5 Qf7+ 53. Kg4 Qe6+ 54. Kh4 Kxh7 55. Qe4+ Kg7 56. Qg4+ Qxg4+ 1/2-1/2

[Event "Werder IM-Turnier 2018"]
[Site "Bremen"]
[Date "2018.06.20"]
[Round "5"]
[White "Wachinger, Nikolas"]
[Black "Grigorian, Spartak"]
[Result "1/2-1/2"]
[ECO "C10"]
[WhiteElo "2292"]
[BlackElo "2359"]
[Annotator "NA"]
[PlyCount "70"]
[EventDate "2018.06.16"]
[EventType "tourn"]
[EventCountry "GER"]
[SourceTitle "playchess.com"]
[Source "ChessBase"]
[SourceQuality "1"]
[TimeControl "40/5400+30:1800+30"]

1. e4 e6 2. d4 d5 3. Nd2 dxe4 4. Nxe4 Nd7 5. Nf3 Ngf6 6. Bd3 c5 7. Bg5 {[%emt 0:03:28] C10: French with 3 Nc3: Unusual Black 3rd moves and 3...dxe4} (7. O-O Nxe4 8. Bxe4 Nf6 9. Bg5 cxd4 10. Nxd4 Be7 11. Bf3 O-O 12. Qd3 Bc5 13. Rad1 e5 14. Nb3 Qxd3 15. cxd3 Bb6 16. Rfe1 h6 17. Bh4 Be6 18. Rxe5 Rac8 19. Re2 Rfd8 20. h3 Rd7 21. Rc1 Rcd8 22. Bxf6 {½-½ (22) Alekseev,E (2616)-Meier,G (2647) Tallinn 2018}) 7... cxd4 8. O-O Qb6 9. Bxf6 $146 ({Predecessor:} 9. Qe2 h6 10. Nxf6+ gxf6 11. Bh4 Be7 12. Rad1 Qxb2 13. Bc4 e5 14. Rfe1 Qa3 15. Nd2 {1-0 (28) Boehm,J (2158)-Beutelhoff,J (2085) Senden 2013}) 9... Nxf6 10. Nxf6+ gxf6 11. Nxd4 Bd7 12. c3 Bc5 13. Nb3 Bc6 14. Qh5 Rg8 15. g3 Rg5 16. Qxh7 Ke7 17. Be2 Rag8 18. Nxc5 Qxc5 19. Qd3 Rd8 20. Qc4 Rd2 21. b4 Qf5 22. b5 ({Lieber} 22. Rad1 $11 Qh3 23. f3 Rxg3+ 24. hxg3 Qxg3+ 25. Kh1 Qh3+ 26. Kg1 Qg3+ 27. Kh1 Qh3+ 28. Kg1 Qg3+) 22... Qxb5 23. Qxb5 Bxb5 24. Bxb5 Rxb5 25. Rfd1 Rxd1+ 26. Rxd1 Rb2 27. a4 Rb3 28. c4 Rb4 29. c5 a5 30. Kf1 $1 f5 31. Ke2 e5 $11 32. Rd5 f6 33. c6 Rxa4 34. cxb7 Rb4 35. Rxa5 Rxb7 1/2-1/2

[Event "Werder IM-Turnier 2018"]
[Site "Bremen"]
[Date "2018.06.21"]
[Round "6"]
[White "Grigorian, Spartak"]
[Black "Charmeteau, Sven"]
[Result "0-1"]
[ECO "E99"]
[WhiteElo "2359"]
[BlackElo "2287"]
[Annotator "NA"]
[PlyCount "84"]
[EventDate "2018.06.16"]
[EventType "tourn"]
[EventCountry "GER"]
[SourceTitle "playchess.com"]
[Source "ChessBase"]
[SourceQuality "1"]
[TimeControl "40/5400+30:1800+30"]

1. d4 Nf6 2. c4 g6 3. Nc3 Bg7 4. e4 d6 5. Nf3 O-O 6. Be2 e5 7. O-O Nc6 8. d5 Ne7 9. Ne1 Nd7 10. Be3 a5 11. Nd3 f5 12. f3 f4 13. Bf2 b6 14. a3 g5 15. b4 h5 16. c5 Kh8 17. cxd6 cxd6 18. Nb5 Nf6 19. Nb2 Ne8 20. Nc4 Rb8 21. Rb1 a4 22. Na7 b5 23. Na5 Bd7 24. Rc1 g4 25. fxg4 Nf6 26. N5c6 Qe8 27. Nxb8 Qxb8 28. Nc6 Qe8 29. Nxe7 Qxe7 30. g5 Nxe4 31. Bd3 Bg4 32. Qe1 Nxf2 33. Rxf2 Qxg5 34. Rc7 f3 35. Qe4 Bf5 36. Qxf3 e4 37. Rxg7 Qc1+ 38. Rf1 exf3 39. Rxc1 Bxd3 40. gxf3 Kxg7 41. Rc6 Rf6 42. Kf2 Be4 0-1

[Event "Werder IM-Turnier 2018"]
[Site "Bremen"]
[Date "2018.06.21"]
[Round "6"]
[White "Wachinger, Nikolas"]
[Black "Reuker, Jari"]
[Result "0-1"]
[ECO "C90"]
[WhiteElo "2292"]
[BlackElo "2389"]
[Annotator "NA"]
[PlyCount "78"]
[EventDate "2018.06.16"]
[EventType "tourn"]
[EventCountry "GER"]
[SourceTitle "playchess.com"]
[Source "ChessBase"]
[SourceQuality "1"]
[TimeControl "40/5400+30:1800+30"]

1. e4 e5 2. Nf3 Nc6 3. Bb5 a6 4. Ba4 Nf6 5. O-O Be7 6. d3 b5 7. Bb3 d6 8. c3 O-O 9. Re1 Na5 10. Bc2 c5 11. Nbd2 Nc6 12. Nf1 Qc7 13. Ne3 Be6 14. h3 d5 15. exd5 Nxd5 16. Ng4 f6 17. d4 cxd4 18. cxd4 Rad8 19. Qd3 f5 20. Nh6+ gxh6 21. Nxe5 Ncb4 22. Qg3+ Kh8 23. Bb3 f4 24. Qf3 Rf6 25. Bd2 Nc2 26. Rec1 Nxd4 27. Qe4 Qb6 28. Ng4 Nxb3 29. axb3 Bxg4 30. hxg4 Qe6 31. Qf3 Rg6 32. Bxf4 Nxf4 33. Qxf4 Rxg4 34. Qf3 Rdg8 35. Rc6 Rxg2+ 36. Kh1 Qe5 37. Rxh6 Rg1+ 38. Rxg1 Rxg1+ 39. Kxg1 Qg5+ 0-1

[Event "Werder IM-Turnier 2018"]
[Site "Bremen"]
[Date "2018.06.21"]
[Round "6"]
[White "Kardoeus, David"]
[Black "Grabarczyk, Miroslaw"]
[Result "0-1"]
[ECO "C45"]
[WhiteElo "2226"]
[BlackElo "2402"]
[Annotator "NA"]
[PlyCount "78"]
[EventDate "2018.06.16"]
[EventType "tourn"]
[EventCountry "GER"]
[SourceTitle "playchess.com"]
[Source "ChessBase"]
[SourceQuality "1"]
[TimeControl "40/5400+30:1800+30"]

1. e4 e5 2. Nf3 Nc6 3. d4 exd4 4. Nxd4 Bb4+ 5. c3 Bc5 6. Nxc6 bxc6 7. Bc4 d6 8. O-O Ne7 9. Qh5 O-O 10. Bg5 Qe8 11. Nd2 Be6 12. Bxe7 Qxe7 13. Ba6 Bc8 14. Qe2 d5 15. b4 Bd6 16. Bxc8 Raxc8 17. f4 a5 18. bxa5 Ra8 19. a6 Ba3 20. Rab1 Qc5+ 21. Kh1 Qxc3 22. Rf3 Qa5 23. Rh3 Rxa6 24. exd5 cxd5 25. Rb5 Qa4 26. Rxd5 Rd6 27. Qd3 h6 28. Nc4 Re8 29. Re3 Rxd5 30. Qxd5 Rxe3 31. Nxe3 Bd6 32. g3 Qa3 33. Nf5 Bf8 34. Kg2 g6 35. Nh4 Qa6 36. f5 g5 37. Nf3 Qe2+ 38. Kh3 h5 39. f6 Qf1# {[%emt 0:00:17] Nh4 [%clk 0:00:00]} 0-1

[Event "Werder IM-Turnier 2018"]
[Site "Bremen"]
[Date "2018.06.22"]
[Round "7"]
[White "Grabarczyk, Miroslaw"]
[Black "Wachinger, Nikolas"]
[Result "1-0"]
[ECO "E60"]
[WhiteElo "2402"]
[BlackElo "2292"]
[Annotator "ChessBase"]
[PlyCount "101"]
[EventDate "2018.06.16"]
[EventType "tourn"]
[EventCountry "GER"]
[SourceTitle "playchess.com"]
[Source "ChessBase"]
[SourceQuality "1"]
[TimeControl "40/5400+30:1800+30"]

1. d4 Nf6 2. c4 g6 3. Nf3 Bg7 4. g3 c5 5. d5 b5 6. cxb5 a6 7. bxa6 d6 8. Bg2 O-O 9. O-O Nxa6 10. Nc3 Bf5 11. Nd2 Nb4 12. Nc4 Bc2 13. Qd2 Bb3 14. Na3 Bxd5 15. Nxd5 Nfxd5 16. Nc4 Nc7 17. Bxa8 Qxa8 18. a3 Nc6 19. Rb1 d5 20. Nb6 Qd8 21. b3 Nd4 22. Qd1 Ncb5 23. Na4 c4 24. bxc4 dxc4 25. e3 Nb3 26. Qxd8 Rxd8 27. Bb2 Nd2 28. Bxg7 Nxa3 29. Ra1 Nxf1 30. Kxf1 Nc2 31. Rc1 Nxe3+ 32. fxe3 Kxg7 33. Ke2 Rd5 34. Rxc4 Rh5 35. h4 Rb5 36. Nc3 Rb7 37. Kf3 h6 38. Rc5 Rd7 39. Nb5 Rb7 40. Nc7 Rb8 41. Nd5 e6 42. Nc7 Kf6 43. Nb5 Rb6 44. Nc3 Rb7 45. g4 Ke7 46. Nb5 Rb6 47. Kf4 Kf6 48. g5+ hxg5+ 49. hxg5+ Ke7 50. Ke5 Ra6 51. Rc7+ 1-0

[Event "Werder IM-Turnier 2018"]
[Site "Bremen"]
[Date "2018.06.22"]
[Round "7"]
[White "Skliarov, Viktor"]
[Black "Kardoeus, David"]
[Result "1-0"]
[ECO "B50"]
[WhiteElo "2359"]
[BlackElo "2226"]
[Annotator "ChessBase"]
[PlyCount "95"]
[EventDate "2018.06.16"]
[EventType "tourn"]
[EventCountry "GER"]
[SourceTitle "playchess.com"]
[Source "ChessBase"]
[SourceQuality "1"]
[TimeControl "40/5400+30:1800+30"]

1. e4 c5 2. Nf3 d6 3. c3 Nf6 4. Bd3 Nc6 5. Bc2 Bg4 6. h3 Bh5 7. d3 e6 8. Nbd2 d5 9. Qe2 Qc7 10. g4 Bg6 11. Nh4 Bd6 12. Ndf3 O-O-O 13. Bg5 dxe4 14. dxe4 Bf4 15. Bxf4 Qxf4 16. Ng2 Qc7 17. O-O Nd7 18. Rad1 f6 19. Nfh4 Bf7 20. f4 h6 21. Ne3 g5 22. Nhg2 h5 23. Nc4 Nb6 24. Rxd8+ Rxd8 25. Nce3 hxg4 26. Qxg4 Rg8 27. fxg5 Ne5 28. Qg3 Rxg5 29. Qf4 Nbd7 30. Ba4 Nb6 31. Bd1 Qd6 32. Bg4 Nbd7 33. Rd1 Qb6 34. Rd2 c4 35. Kh1 Qc5 36. b4 Qf8 37. Be2 Qh6 38. h4 Qh8 39. Nxc4 Nxc4 40. Bxc4 Ne5 41. Be2 Be8 42. Qe3 Kb8 43. Rd8+ Kc7 44. Rxe8 Qxe8 45. hxg5 Qh8+ 46. Kg1 fxg5 47. Qxg5 Nc6 48. b5 1-0

[Event "Werder IM-Turnier 2018"]
[Site "Bremen"]
[Date "2018.06.22"]
[Round "7"]
[White "Charmeteau, Sven"]
[Black "Osmanodja, Filiz"]
[Result "0-1"]
[ECO "C45"]
[WhiteElo "2287"]
[BlackElo "2352"]
[Annotator "NA"]
[PlyCount "90"]
[EventDate "2018.06.16"]
[EventType "tourn"]
[EventCountry "GER"]
[SourceTitle "playchess.com"]
[Source "ChessBase"]
[SourceQuality "1"]
[TimeControl "40/5400+30:1800+30"]

1. e4 e5 2. Nf3 Nc6 3. d4 exd4 4. Nxd4 Nf6 5. Nxc6 bxc6 6. e5 Qe7 7. Qe2 Nd5 8. c4 Nb6 9. Nc3 Qe6 10. Qe4 g6 {[%emt 0:00:06] C45: Scotch Game} 11. Bd3 (11. Bd2 Ba6 12. c5 Nc4 13. Bg5 Bxc5 14. O-O-O O-O 15. Qf4 d5 16. exd6 Bxd6 17. Rxd6 cxd6 18. Bf6 d5 19. b3 Rab8 20. Be2 c5 21. Rd1 Rfe8 22. Nxd5 {1-0 (22) Van Foreest,J (2629)-Tari,A (2599) Wijk aan Zee 2018}) 11... Bg7 12. O-O O-O 13. f4 Ba6 14. b3 d5 15. cxd5 cxd5 16. Qe2 Bxd3 17. Qxd3 c5 18. Ba3 Rac8 $146 19. Rad1 f6 20. exf6 Bxf6 21. Rfe1 Qf7 22. g3 Rfd8 23. Qf3 a6 24. Rd2 c4 25. Ne2 d4 26. Red1 d3 27. Nc1 Bc3 28. Rg2 Re8 29. h4 Bd4+ 30. Kh2 Re3 31. Qf1 Qf5 32. Bb4 Nd5 33. Bd2 Nf6 34. bxc4 Ng4+ 35. Kh1 Qe4 36. Bxe3 Nxe3 37. Qg1 Rxc4 38. Nxd3 Rc2 39. Nf2 Rxf2 40. Rxd4 Qxg2+ 41. Qxg2 Rxg2 42. Ra4 Rxg3 43. Rxa6 Rh3+ 44. Kg1 Rxh4 45. Kf2 $19 Nd5 0-1

[Event "Werder IM-Turnier 2018"]
[Site "Bremen"]
[Date "2018.06.23"]
[Round "8"]
[White "Reuker, Jari"]
[Black "Grabarczyk, Miroslaw"]
[Result "0-1"]
[ECO "D36"]
[WhiteElo "2389"]
[BlackElo "2402"]
[Annotator "NA"]
[PlyCount "74"]
[EventDate "2018.06.23"]
[EventType "tourn"]
[EventCountry "GER"]
[SourceTitle "playchess.com"]
[Source "ChessBase"]
[SourceQuality "1"]
[TimeControl "40/5400+30:1800+30"]

1. d4 d5 2. c4 e6 3. Nc3 Nf6 4. cxd5 exd5 5. Bg5 c6 6. e3 Be7 7. Bd3 Nbd7 8. Qc2 Nh5 9. Bxe7 Qxe7 10. Nge2 Nb6 11. O-O g6 12. Rae1 O-O 13. Nc1 Be6 14. Nb3 Rad8 15. Nc5 Bc8 16. b4 Ng7 17. f3 Qd6 18. b5 Ne6 19. Ne2 Qe7 20. bxc6 bxc6 21. Nb3 Bd7 22. e4 Rc8 23. Nc5 dxe4 24. fxe4 Nxc5 25. dxc5 Na8 26. Kh1 Nc7 27. Bc4 Be6 28. Bb3 Rcd8 29. Ba4 Na6 30. Bxc6 Nb4 31. Qa4 Nd3 32. Rb1 Qxc5 33. h3 Qe3 34. Qc2 Nf2+ 35. Kh2 Rd2 36. Qc3 Qxe2 37. Qg3 Nxe4 0-1

[Event "Werder IM-Turnier 2018"]
[Site "Bremen"]
[Date "2018.06.23"]
[Round "8"]
[White "Grigorian, Spartak"]
[Black "Osmanodja, Filiz"]
[Result "1-0"]
[ECO "A30"]
[WhiteElo "2359"]
[BlackElo "2352"]
[Annotator "NA"]
[PlyCount "111"]
[EventDate "2018.06.23"]
[EventType "tourn"]
[EventCountry "GER"]
[SourceTitle "playchess.com"]
[Source "ChessBase"]
[SourceQuality "1"]
[TimeControl "40/5400+30:1800+30"]

1. Nf3 c5 2. c4 Nc6 3. b3 e5 4. Bb2 d6 5. Nc3 f5 6. e3 e4 7. Ng1 Nf6 8. d3 Be7 9. Nh3 O-O 10. Nf4 a6 11. Be2 Ne5 12. O-O exd3 13. Bxd3 Qe8 14. Qc2 Nfg4 15. Be2 Bd8 16. h3 Nf6 17. Nfd5 Nh5 18. Rae1 Be6 19. Bxh5 Qxh5 20. Nf4 Qh6 21. Nxe6 Qxe6 22. Nd5 b5 23. f4 Nc6 24. e4 Ra7 25. exf5 Qxf5 26. Qxf5 Rxf5 27. Re6 Rd7 28. g4 Rf8 29. Kg2 Ne7 30. f5 bxc4 31. bxc4 Nxd5 32. cxd5 Ba5 33. Bc1 c4 34. Kf3 Rb8 35. Bf4 Bb4 36. Rb1 Rb5 37. a4 Rb8 38. Bxd6 Rxd6 39. Rxb4 Rxb4 40. Rxd6 Rxa4 41. Rc6 c3 42. Rxc3 Rd4 43. Rc5 Kf7 44. Ke3 Rd1 45. Kf4 Ke7 46. Rc7+ Kf8 47. Ke5 a5 48. Ra7 Ra1 49. Ke6 Re1+ 50. Kd6 Ra1 51. g5 Rf1 52. h4 Rxf5 53. Ke6 g6 54. d6 Rb5 55. Ra8+ Kg7 56. d7 1-0

[Event "Werder IM-Turnier 2018"]
[Site "Bremen"]
[Date "2018.06.23"]
[Round "8"]
[White "Molchanov, Oleksii"]
[Black "Charmeteau, Sven"]
[Result "1-0"]
[ECO "A28"]
[WhiteElo "2350"]
[BlackElo "2287"]
[Annotator "NA"]
[PlyCount "45"]
[EventDate "2018.06.23"]
[EventType "tourn"]
[EventCountry "GER"]
[SourceTitle "playchess.com"]
[Source "ChessBase"]
[SourceQuality "1"]
[TimeControl "40/5400+30:1800+30"]

1. c4 e5 2. Nc3 Nf6 3. Nf3 Nc6 4. e3 Be7 5. Qb3 O-O 6. Be2 a6 7. O-O d6 8. d3 Rb8 9. a3 b5 10. Qc2 bxc4 11. dxc4 a5 12. Nd5 Ba6 13. Rd1 Re8 14. e4 Qc8 15. Rb1 Qb7 16. b4 Nxd5 17. exd5 Nd4 18. Nxd4 exd4 19. b5 Qb6 20. Bb2 Bf6 21. bxa6 d3 22. Qxd3 Bxb2 23. Rd2 1-0

[Event "Werder IM-Turnier 2018"]
[Site "Bremen"]
[Date "2018.06.23"]
[Round "8"]
[White "Wachinger, Nikolas"]
[Black "Skliarov, Viktor"]
[Result "1-0"]
[ECO "B23"]
[WhiteElo "2292"]
[BlackElo "2359"]
[Annotator "NA"]
[PlyCount "145"]
[EventDate "2018.06.23"]
[EventType "tourn"]
[EventCountry "GER"]
[SourceTitle "playchess.com"]
[Source "ChessBase"]
[SourceQuality "1"]
[TimeControl "40/5400+30:1800+30"]

1. e4 c5 2. Nc3 Nc6 3. Bb5 g6 4. Bxc6 bxc6 5. f4 Bg7 6. Nf3 Nh6 7. O-O O-O 8. d3 d6 9. h3 f5 10. e5 Nf7 11. exd6 exd6 12. Be3 Rb8 13. Rb1 Re8 14. Qd2 Qa5 15. d4 c4 16. Rfe1 Be6 17. b3 Bd5 18. Nxd5 Qxd5 19. Qc3 cxb3 20. axb3 Re4 21. Qd3 Rbe8 22. c4 Qe6 23. d5 cxd5 24. cxd5 Qd7 25. Nd2 R4e7 26. Bf2 g5 27. g3 gxf4 28. gxf4 Rxe1+ 29. Rxe1 Rxe1+ 30. Bxe1 Bh6 31. Bg3 Nh8 32. Nc4 Ng6 33. Qe3 Qf7 34. Qd4 Bg7 35. Qd3 Qf6 36. Kg2 h5 37. Kf3 Ne7 38. Bf2 a6 39. Ne3 Qd4 40. Qc4 Bf6 41. Nxf5 Qd1+ 42. Kg2 Qxd5+ 43. Qxd5+ Nxd5 44. Kf3 Bd8 45. Nxd6 Bc7 46. Bc5 Bxd6 47. Bxd6 Kf7 48. Be5 Ke6 49. Ke4 Ne7 50. f5+ Nxf5 51. Kf4 Ne7 52. Bd4 Nc6 53. Bc3 Kd5 54. h4 Nd8 55. Kg5 Ke4 56. Kxh5 Kf5 57. Kh6 Ne6 58. h5 Nf4 59. Bd2 Nxh5 60. Kxh5 Ke4 61. Ba5 Kd5 62. Kg5 Ke5 63. b4 Ke6 64. Kf4 Kf6 65. Ke4 Ke6 66. Kd4 Kd6 67. Kc4 Kc6 68. Kb3 Kb5 69. Ka3 Kc6 70. Ka4 Kb7 71. Bd8 Kc8 72. Bf6 a5 73. Kxa5 1-0